cohdb
Replays
Latest Replays
All Replays
Popular Replays
Top Player Replays
Match Explorer
How It Works
Community
CoH3 Stats
Reddit
Sign in to upload your games and track your stats! →
Sign in with Steam
Match 42675330
Unlisted
Match 42675330
Overview
Messages
Build Orders
End
Vickers Machine Gun Team
Construct Section Command Post
Selects Heavy Armor Battlegroup
Infantry Section
Dingo Light Scout Car
ML 3-inch Mortar Team
Infantry Section
Infantry Section
Infantry Section
Infantry Section
Selects Rigorous Vehicle Training
Selects Light Vehicle Withdraw and Refit
Construct Platoon Command Post
6-pounder Anti-tank Gun Team
Selects UNKNOWN (202330)
Construct Field Infirmary
Humber Armored Car
Geekdeservice
Sarmynation
0
0
Comments
sign in to comment!
No comments posted yet!